Map: Abyssal Reef LE

Players

Nub - Winner!

  • Race: Protoss Protoss
  • League: Diamond
  • Spawn Location: 11:00

A.I. 1 (Very Easy)

  • Race: Protoss Protoss
  • Spawn Location: 5:00

VOD

Have the link to the VOD?

Description

Time

  • Played on: Oct. 13, 2017, 12:28 a.m.
  • Length: 8:00
Show
View Real Time Build Order
Export as new Build Order

Nub Protoss - Winner!

Build Orders: 1 Gate Expand, Oracle Opening 

Get SALT Encoding   

  12  0:00  Probe (Chrono Boost)  
  13  0:11  Probe (Chrono Boost)  
  14  0:17  Pylon  
  14  0:22  Probe (Chrono Boost)  
  15  0:35  Probe (Chrono Boost)  
  16  0:37  Gateway  
  16  0:46  Probe (Chrono Boost)  
  16  0:47  Assimilator  
  17  0:56  Probe (Chrono Boost)  
  18  1:07  Probe (Chrono Boost)  
  19  1:17  Probe (Chrono Boost)  
  20  1:24  Nexus  
  20  1:28  Probe (Chrono Boost)  
  21  1:38  Probe (Chrono Boost)  
  22  1:41  Cybernetics Core  
  22  1:47  Assimilator  
  22  1:54  Pylon  
  22  1:56  Probe (Chrono Boost)  
  23  2:13  Probe (Chrono Boost)  
  24  2:20  Warp Gate (Chrono Boost)  
  24  2:21  Stargate  
  24  2:23  Probe  
  25  2:35  Probe x2  
  27  2:42  Adept  
  29  2:47  Probe  
  32  2:53  Probe  
  31  2:59  Probe  
  31  3:03  Probe, Oracle  
  36  3:12  Probe  
  37  3:13  Mothership Core  
  37  3:18  Pylon  
  39  3:24  Probe  
  40  3:32  Probe  
  41  3:36  Probe, Nexus  
  42  3:43  Probe  
  42  3:44  Pylon  
  42  3:48  Probe  
  44  3:53  Probe  
  45  4:00  Probe (Chrono Boost)  
  46  4:04  Gateway x2  
  46  4:05  Probe (Chrono Boost)  
  47  4:12  Probe (Chrono Boost)  
  47  4:13  Twilight Council  
  47  4:16  Probe (Chrono Boost)  
  49  4:20  Sentry  
  49  4:21  Assimilator  
  49  4:22  Probe (Chrono Boost)  
  52  4:27  Probe (Chrono Boost)  
  53  4:37  Probe x2 (Chrono Boost)  
  55  4:43  Void Ray  
  59  4:47  Probe (Chrono Boost)  
  59  4:48  Probe (Chrono Boost)  
  59  4:50  Gateway  
  59  4:52  Probe (Chrono Boost), Gateway  
  62  4:57  Assimilator, Stalker  
  62  4:58  Probe x2 (Chrono Boost)  
  66  5:00  Blink  
  66  5:06  Probe (Chrono Boost)  
  67  5:08  Probe (Chrono Boost)  
  67  5:09  Probe (Chrono Boost)  
  67  5:12  Stalker  
  71  5:15  Stalker  
  71  5:16  Probe (Chrono Boost)  
  71  5:20  Probe x2 (Chrono Boost)  
  76  5:27  Probe (Chrono Boost)  
  77  5:41  Pylon x2  
  77  5:42  Pylon x2  
  77  5:48  Forge  
  77  5:57  Probe x2, Pylon  
  77  5:59  Probe, Stalker  
  77  6:00  Stalker x4  
  90  6:06  Void Ray (Chrono Boost)  
  90  6:08  Probe x2  
  90  6:11  Probe, Assimilator  
  97  6:15  Assimilator  
  97  6:18  Probe x2  
  97  6:23  Probe  
  100  6:29  Probe, Stalker x4  
  100  6:31  Stalker  
  111  6:40  Probe x2  
  111  6:41  Probe  
  114  6:53  Stalker  
  117  6:54  Void Ray (Chrono Boost)  
  117  7:02  Pylon  
  117  7:04  Pylon  
  117  7:05  Pylon  
  117  7:13  Templar Archives  
  117  7:23  Stalker x5  
  131  7:47  Gateway  
  131  7:49  Gateway  
  131  7:50  Gateway  
Show
View Real Time Build Order
Export as new Build Order

A.I. 1 (Very Easy) Protoss 

Build Orders: 1 Gate Expand, Nexus First 

Get SALT Encoding   

  12  0:01  Probe (Chrono Boost)  
  13  0:11  Probe (Chrono Boost)  
  14  0:20  Pylon  
  14  0:43  Gateway  
  14  1:01  Nexus  
  14  1:21  Pylon  
  14  1:24  Assimilator  
  14  1:28  Zealot  
  16  1:36  Cybernetics Core  
  16  1:39  Probe (Chrono Boost)  
  17  1:51  Probe (Chrono Boost)  
  18  2:00  Assimilator  
  18  2:01  Probe (Chrono Boost)  
  19  2:12  Probe (Chrono Boost)  
  19  2:13  Stalker  
  22  2:16  Probe (Chrono Boost)  
  22  2:20  Warp Gate  
  23  2:25  Probe (Chrono Boost)  
  24  2:30  Probe (Chrono Boost)  
  25  2:38  Probe (Chrono Boost)  
  27  2:52  Probe (Chrono Boost), Assimilator  
  27  2:54  Pylon  
  28  2:58  Probe (Chrono Boost)  
  28  3:06  Probe (Chrono Boost)  
  29  3:13  Probe (Chrono Boost)  
  29  3:14  Robotics Facility  
  30  3:26  Probe (Chrono Boost)  
  31  3:32  Adept  
  31  3:33  Probe (Chrono Boost)  
  35  3:42  Probe (Chrono Boost)  
  35  3:48  Probe (Chrono Boost)  
  37  3:56  Probe (Chrono Boost)  
  37  4:00  Observer  
  37  4:02  Probe (Chrono Boost)  
  40  4:11  Probe (Chrono Boost)  
  40  4:17  Probe (Chrono Boost)  
  41  4:20  Observer  
  43  4:24  Probe (Chrono Boost), Assimilator  
  41  4:31  Probe (Chrono Boost)  
  37  4:39  Probe (Chrono Boost)  
  38  4:47  Probe (Chrono Boost)  
  38  4:51  Sentry  
  41  4:55  Probe (Chrono Boost)  
  42  5:01  Probe (Chrono Boost)  
  43  5:09  Probe (Chrono Boost)  
  44  5:15  Probe (Chrono Boost)  
  45  5:23  Probe (Chrono Boost)  
  45  5:30  Probe (Chrono Boost)  
  44  5:37  Probe (Chrono Boost)  
  45  5:44  Probe (Chrono Boost)  
  46  5:51  Probe (Chrono Boost)  
  46  5:53  Pylon  
  47  5:58  Probe (Chrono Boost)  
  48  6:05  Probe (Chrono Boost)  
  49  6:13  Probe (Chrono Boost)  
  50  6:37  Stalker  
  50  6:39  Probe (Chrono Boost)  
  49  6:41  Pylon  
  49  6:45  Probe (Chrono Boost)  
  44  6:53  Probe (Chrono Boost)  
  32  7:04  Probe (Chrono Boost)  
  32  7:06  Zealot  
  25  7:15  Probe (Chrono Boost)  
  21  7:26  Probe (Chrono Boost)  
  19  7:37  Probe (Chrono Boost)  
  14  7:47  Probe (Chrono Boost)  
  8  7:52  Gateway  
Tags
 
Add a new tag
Caveats
  • Supply blocks, unpowered buildings, or Contaminate may cause inaccurate times.
  • Supply counts are checked every 10 seconds.